 Dungeon Crawl Stone Soup version 0.29.1-1-gd02db6906a (webtiles) character file.

Game seed: 1374837663124312192

182 Sanktem7 the Trooper (level 5, -1/50 HPs)
             Began as a Minotaur Fighter on Oct 2, 2022.
             Slain by an ogre
             ... wielding a +0 giant club
              (29 damage)
             ... on level 4 of the Dungeon.
             The game lasted 00:03:57 (2478 turns).

Sanktem7 the Trooper (Minotaur Fighter)             Turns: 2478, Time: 00:03:57

Health: -1/50      AC: 10    Str: 23    XL:     5   Next: 34%
Magic:  4/4        EV:  9    Int:  5    God:
Gold:   168        SH:  4    Dex:  9    Spells: 4/4 levels left

rFire   . . .      SeeInvis .   r - +1 hand axe (venom) {axe}
rCold   . . .      Faith    .   c - +0 buckler
rNeg    . . .      Spirit   .   b - +0 scale mail
rPois   .          Reflect  .   (helmet restricted)
rElec   .          Harm     .   s - scarf {shadows}
rCorr   .          Rampage  .   o - +0 pair of gloves
Will    .....                   i - +1 pair of boots
Stlth   ..........              (no amulet)
HPRegen 0.16/turn               (no ring)
MPRegen 0.09/turn               (no ring)

@: no status effects
A: horns 2, retaliatory headbutt
a: no special abilities


You were on level 4 of the Dungeon.
You visited 1 branch of the dungeon, and saw 4 of its levels.

You collected 168 gold pieces.


Innate Abilities, Weirdness & Mutations

You have a pair of horns on your head.
You reflexively headbutt those who attack you in melee.


   Skills:
 * Level 5.8 Fighting
 * Level 5.1 Axes
 - Level 3.6 Armour
 - Level 3.6 Shields


You had 4 spell levels left.
You didn't know any spells.
Your spell library was empty.

Inventory:

Hand Weapons
 a - a +0 war axe {axe}
 r - a +1 hand axe of venom (weapon) {axe}
   (You found it on level 2 of the Dungeon)
Missiles
 g - 45 stones (quivered) {throwing}
 j - 11 poisoned darts {throwing}
Armour
 b - a +0 scale mail (worn)
 c - a +0 buckler (worn)
 i - a +1 pair of boots (worn)
   (You found it on level 1 of the Dungeon)
 o - a +0 pair of gloves (worn)
   (You found it on level 2 of the Dungeon)
 s - a scarf of shadows (worn)
   (You found it on level 2 of the Dungeon)
Magical Staves
 x - a staff of poison {!astaff}
   (You found it on level 3 of the Dungeon)
 A - a staff of death {!astaff}
   (You found it on level 3 of the Dungeon)
Jewellery
 p - a +6 ring of dexterity
   (You found it on level 4 of the Dungeon)
 u - a ring of positive energy
   (You found it on level 3 of the Dungeon)
 w - an amulet of reflection
   (You found it on level 3 of the Dungeon)
 y - an amulet of magic regeneration {@e2}
   (You found it on level 3 of the Dungeon)
Scrolls
 e - 6 scrolls of identify {unknown}
 h - a scroll of blinking {unknown}
 l - a scroll of poison {unknown}
 m - 3 scrolls of teleportation {unknown}
 t - 2 scrolls of summoning {unknown}
 B - a scroll of brand weapon {unknown}
Potions
 d - a potion of might
 f - 2 potions of curing {unknown}
 k - a potion of mutation {unknown}
 n - a potion of lignification {unknown}
 q - 2 potions of heal wounds {unknown}
 v - a potion of resistance {unknown}
 z - 2 potions of cancellation {unknown}

Dungeon Overview and Level Annotations

Branches:
Dungeon (4/15) Zot: 21474
 Temple: D:4-7

Altars:
The Shining One

##.#.## #.#.# #.. ..#.##
#+# #.#.. .. .... +_+
..#.# ## #### ### #.#.#
###### ### ### #.#.#
#....#
.#...#######.#.#####.##.##
......).)@................
.....)..O##....###.####.#.
..############.# #.#....<.
#.###.#.##.#.
#.......##.#.
#####.####.## #.# #.. #.#
### #.#


You could see an ogre (extremely poisoned).


Message History

You block the quasit's attack. The quasit barely misses you. x2
The quasit claws you but does no damage. x2
You closely miss the quasit. Your headbutt misses the quasit.
The quasit barely misses you. The quasit closely misses you.
The quasit claws you but does no damage.
You hit the quasit but do no damage. Your headbutt misses the quasit.
You kill the quasit!
You have reached level 5! 😕 HP[+6] MP[+1]
You now have 48 max hp (+6).
You regained 6 hp, and now have 42/48 hp.
Your mp is fully restored (4).
No target in view!
No target in view!
e - 6 scrolls labelled OGIACS HAGY (gained 1)
p - a +6 ring of dexterity 😎 HP[+6]
Your hp is fully restored (48).
Found a stone staircase leading up.
m - 3 scrolls labelled GUFEFOM TOCORU (gained 1)
B - a scroll labelled HIOKHY CIMAUXT
There is a stone staircase leading up here.
An ufetubus comes into view.
An ufetubus is nearby!
You block the ufetubus's attack. The ufetubus barely misses you. x2
The ufetubus hits you but does no damage.
You barely miss the ufetubus. The ufetubus hits you.
The ufetubus hits you but does no damage.
You block the ufetubus's attack. x2 😕 HP[-2]
You take 2 damage, and now have 46/48 hp.
You slash the ufetubus!
You kill the ufetubus! 😕 HP[+1]
You now have 49 max hp (+1).
No target in view!
No target in view!
No target in view!
No target in view!
No target in view!
No target in view!
No target in view!
No target in view!
No target in view!
No target in view!
No target in view!
No target in view! 2 gnolls come into view.
Found a glowing golden altar of the Shining One.
The gnoll shouts! x2 😎 HP[+2]
Your hp is fully restored (49).
There are monsters nearby!
A gnoll comes into view. It is wielding a +0 spear.
The gnoll shouts!
A gnoll comes into view. It is wielding a +0 flail.
The gnoll hits you but does no damage.
You hit the gnoll.
The gnoll is poisoned.
You headbutt the gnoll!
You kill the gnoll!
The gnoll hits you from afar with a +0 halberd. 😕 HP[-3]
You now have 50 max hp (+1).
You take 3 damage, and now have 46/50 hp.
The gnoll hits you with a +0 halberd. The gnoll barely misses you.
You see here a +0 club {mace}. 😕 HP[-6]
You take 6 damage, and now have 40/50 hp.
You slash the gnoll!
The gnoll is poisoned.
You hit the gnoll.
The gnoll is poisoned.
The gnoll hits you with a +0 halberd! You block the gnoll's attack.
The gnoll hits you but does no damage. You block the gnoll's attack.
The gnoll hits you from afar with a +0 spear.
The gnoll barely misses you. 😮 HP[-12]
You take 12 damage, and now have 28/50 hp.
MASSIVE DAMAGE!! (PAUSE)
An ogre comes into view. It is wielding a +0 giant club.
The gnoll attacks as you move away! The gnoll barely misses you.
The ogre shouts! 😮 HP[+1]
You kill the gnoll!
Your Axes skill increases to level 5!
You hit the gnoll.
You kill the gnoll!
The gnoll hits you with a +0 spear.
Things that are here:
a +0 flail {mace}; a gnoll corpse; 😮 HP[-2]
You take 2 damage, and now have 27/50 hp.
You hit the gnoll.
The gnoll is poisoned.
You hit the ogre.
The ogre is poisoned.
The gnoll barely misses you. The ogre closely misses you.
You furiously retaliate!
You headbutt the ogre. You hit the gnoll.
The gnoll looks as sick as possible!
You hit the ogre.
The ogre looks as sick as possible!
The gnoll hits you but does no damage. 😮 HP[+1]
You slash the gnoll!
You kill the gnoll!
You hit the ogre.
The ogre hits you with a +0 giant club!!
Ouch! That really hurt!
You die...

Skill      XL: |  1  2  3  4  5 |
---------------+----------------+-----
Fighting       | 4 5 |  5.8
Axes           | 3 4 5 |  5.1
Armour         | |  3.6
Shields        | |  3.6

Action                   |  1- 3 |  4- 6 || total
-------------------------+-------+-------++-------
Melee: War axe           |    93 |    31 ||   124
       Headbutt          |    11 |     7 ||    18
       Hand axe          |       |    29 ||    29
Armor: Scale mail        |    55 |    53 ||   108
Dodge: Dodged            |    44 |    48 ||    92
Block: Buckler           |    16 |    17 ||    33

Levels and vault maps discovered:
D:1:      nicolae_arrival_somewhat_less_tricky_arrival, layout_basic,
          chequers_ecumenical_altar_grove
D:2:      layout_loops_cross
D:3:      layout_basic
D:4:      black_bear_nest_1, layout_loops_ring, cheibrodos_ashenzari_chains,
          lemuel_doored_altar, serial_shops, shop, nicolae_shop_behind_doors,
          kennysheep_mini, serial_demonic, serial_demonic_c, serial_demonic_d,
          serial_demonic_c, serial_demonic_b

Notes
Turn   | Place    | Note
-------+----------+-------------------------------------------
     0 | D:1      | Sanktem7 the Minotaur Fighter began the quest for the Orb.
     0 | D:1      | Reached XP level 1. HP: 19/19 MP: 0/0
     0 | D:1      | magus.rc [v1.9.6]
   456 | D:1      | Reached skill level 4 in Fighting
   481 | D:1      | Reached skill level 3 in Axes
   481 | D:1      | Reached XP level 2. HP: 25/27 MP: 1/1
   744 | D:1      | Reached XP level 3. HP: 27/34 MP: 2/2
   988 | D:1      | Found a faded altar of an unknown god.
  1256 | D:2      | Reached skill level 4 in Axes
  1667 | D:2      | Reached XP level 4. HP: 41/41 MP: 3/3
  1771 | D:3      | Reached skill level 5 in Fighting
  2367 | D:4      | Reached XP level 5. HP: 42/48 MP: 4/4
  2464 | D:4      | Found a glowing golden altar of the Shining One.
  2470 | D:4      | Noticed an ogre
  2474 | D:4      | Reached skill level 5 in Axes
  2478 | D:4      | Slain by an ogre

Vanquished Creatures
  A quasit (D:4)
  4 gnolls (D:4)
  3 adders
  A shadow imp (D:4)
  A white imp (D:4)
  An ufetubus (D:4)
  2 worms (D:2)
  14 ball pythons
  6 endoplasms
  2 giant cockroaches (D:1)
  6 hobgoblins
  6 quokkas
  4 bats
  5 frilled lizards
  6 goblins
  6 kobolds
  4 rats
72 creatures vanquished.

Vanquished Creatures (others)
  2 demonic plants (D:4)
2 creatures vanquished.

Grand Total: 74 creatures vanquished

Table legend:
 A = Non-vault XP
 B = Vault XP
 C = Vault XP percentage of total XP
 D = Non-vault monster count
 E = Vault monster count
 F = Vault count percentage of total count
                 A         B        C        D         E       F
            +---------+---------+-------+---------+---------+-------
      Total |     207 |      68 |  24.7 |      69 |       3 |   4.2
            +---------+---------+-------+---------+---------+-------
        D:1 |      46 |       0 |   0.0 |      30 |       0 |   0.0
        D:2 |      57 |       0 |   0.0 |      17 |       0 |   0.0
        D:3 |      38 |       0 |   0.0 |      16 |       0 |   0.0
        D:4 |      66 |      68 |  50.7 |       6 |       3 |  33.3
            +---------+---------+-------+---------+---------+-------

Illustrated notes

Table legend:
 A = Kills in this place as a percentage of kills in entire the game.
 B = Kills by you in this place as a percentage of kills by you in the entire game.
 C = Kills by friends in this place as a percentage of kills by friends in the entire game.
 D = Other kills in this place as a percentage of other kills in the entire game.
 E = Experience gained in this place as a percentage of experience gained in the entire game.
 F = Experience gained in this place divided by the number of levels of this place that you have seen.
                   A       B       C       D       E      F
               +-------+-------+-------+-------+-------+----------------------
         Total | 100.0 | 100.0 |   N/A |   N/A | 100.0 |  68.8
       Dungeon | 100.0 | 100.0 |   N/A |   N/A | 100.0 |  68.8
               +-------+-------+-------+-------+-------+----------------------

Table legend: (Time is in decaauts)
 A = Elapsed time spent in this place.
 B = Non-inter-level travel time spent in this place.
 C = Inter-level travel time spent in this place.
 D = Time resting spent in this place.
 E = Time spent auto-exploring this place.
 F = Levels seen in this place.
 G = Mean time per level.
                   A        B        C        D        E       F      G
               +--------+--------+--------+--------+--------+-----+--------+
         Total |   2524 |   2475 |     49 |      0 |   2052 |   4 |  631.0 |
       Dungeon |   2524 |   2475 |     49 |      0 |   2052 |   4 |  631.0 |
               +--------+--------+--------+--------+--------+-----+--------+

Top non-repeatable levels by time:
     D:1: 1115 daAuts
     D:2: 682 daAuts
     D:3: 582 daAuts
     D:4: 144 daAuts
